 Dungeon Crawl Stone Soup version 0.27.1-34-g3ba077fa99 (webtiles) character file.

Game seed: 3534960876038102355

37 ThiefFrogPaladin the Ruffian (level 3, -7/32 HPs)
             Began as a Troll Transmuter on Jan 18, 2022.
             Mangled by an orc (8 damage)
             ... on level 2 of the Dungeon.
             The game lasted 00:09:52 (921 turns).

ThiefFrogPaladin the Ruffian (Troll Transmuter)      Turns: 921, Time: 00:09:53

Health: -7/32      AC:  4    Str: 19    XL:     3   Next: 23%
Magic:  3/4        EV:  9    Int:  9    God:
Gold:   43         SH:  0    Dex: 10    Spells: 4/5 levels left

rFire    . . .     SeeInvis .     - Unarmed
rCold    . . .     Faith    .   (no shield)
rNeg     . . .     Spirit   .   a - +0 robe
rPois    .         Reflect  .   (helmet currently unavailable)
rElec    .         Harm     .   (no cloak)
rCorr    .         Rampage  .   (gloves unavailable)
Will     .....                  (boots unavailable)
Stlth    +.........             (no amulet)
HPRegen  1.10/turn              (no ring)
MPRegen  0.09/turn              (no ring)

@: lethally poisoned (-7 -> -17), appendages (expiring)
A: horns 2, talons 2, large, unfitting armour, claws 3, regeneration 1, shaggy
fur 1, tough skin 1
a: End Transformation


You were on level 2 of the Dungeon.
You had temporarily grown beastly horns and talons.
You visited 1 branch of the dungeon, and saw 2 of its levels.

You collected 43 gold pieces.

Inventory:

Armour
 a - a +0 robe (worn)
Scrolls
 b - a scroll of vulnerability {unknown}
 c - a scroll of identify {unknown}


   Skills:
 + Level 0.9 Fighting
 + Level 1.7 Dodging
 + Level 0.1 Stealth
 + Level 3.6 Unarmed Combat
 + Level 1.6 Spellcasting
 * Level 1.6 Transmutations


You had 4 spell levels left.
You knew the following spells:

 Your Spells              Type           Power      Damage    Failure   Level
a - Beastly Appendage     Tmut           6%         N/A       19%         1

Your spell library contained the following spells:

 Spells                   Type           Power      Damage    Failure   Level
 Wereblood                Tmut           3%         N/A       26%         2
 Spider Form              Tmut/Pois      1%         N/A       58%         3
 Ice Form                 Ice/Tmut       2%         N/A       94%         4


Dungeon Overview and Level Annotations

Branches:
Dungeon (2/15)

Altars:
Beogh


Innate Abilities, Weirdness & Mutations

You have temporarily grown beastly horns and talons.
You are too large for most types of armour.
You have claws for hands.
Your natural rate of healing is unusually fast.
You are covered in fur. (AC +1)
You have tough skin. (AC +1)


Message History

The ball python bites you.
You scratch the ball python but do no damage.
The ball python is heavily wounded.
Your transformation is almost over.
The ball python bites you but does no damage.
You scratch the ball python.
You kill the ball python!
Found a roughly hewn altar of Beogh. 2 orcs come into view.
An orc is wielding a +1 trident of venom.
The orc shouts! x2
The orc hits you from afar with a +1 trident of venom!
You are poisoned.
Casting: Beastly Appendage (safe; 19% risk of failure)
Confirm with . or Enter, or press ? or * to list all spells.
You extend your transformation's duration.
You feel very sick. The orc barely misses you.
You scratch the orc. You claw the orc. You headbutt the orc.
You kill the orc!
You feel sick.
Your transformation is almost over.
You feel sick. The orc barely misses you.
You barely miss the orc. You claw the orc, but do no damage.
You headbutt the orc, but do no damage.
You feel sick.
The orc hits you with a +1 trident of venom.
You are more poisoned.
You closely miss the orc. You claw the orc, but do no damage.
You feel very sick.
The orc hits you with a +1 trident of venom.
You scratch the orc but do no damage.
You feel very sick.
The orc hits you with a +1 trident of venom.
* * * LOW HITPOINT WARNING * * *
You are lethally poisoned!
You closely miss the orc. Your kick misses the orc.
* * * LOW HITPOINT WARNING * * *
You feel very sick.
The orc hits you with a +1 trident of venom!
You die...

#.######### #.#
###+## #.# #.....#
####.#######
.......##...........
........#..#†#######
.......)...#.#
..#≈#......#.#
..≈_§..@..⌠..#
..#≈#.$o.....#
..........#.#
........#..#.#
.......#####.#
#.....# ###+##


You could see an orc.

Vanquished Creatures
  An orc (D:2)
  4 ball pythons
  2 endoplasms (D:1)
  3 giant cockroaches (D:1)
  4 goblins (D:1)
  3 hobgoblins (D:1)
  4 jackals (D:1)
  4 kobolds (D:1)
  2 bats (D:1)
  2 frilled lizards (D:1)
  A rat (D:1)
30 creatures vanquished.

Notes
Turn   | Place    | Note
-------+----------+-------------------------------------------
     0 | D:1      | ThiefFrogPaladin the Troll Transmuter began the quest for
                  | the Orb.
     0 | D:1      | Reached XP level 1. HP: 18/18 MP: 1/1
   138 | D:1      | Reached XP level 2. HP: 26/26 MP: 3/3
   476 | D:1      | Reached XP level 3. HP: 26/32 MP: 2/4
   921 | D:2      | HP: 1/32 [poisoned by an orc]
   921 | D:2      | Mangled by an orc

Illustrated notes

Levels and vault maps discovered:
D:1:      dpeg_arrival_simpleton_b, layout_loops_corners, minmay_tetromino_o2
D:2:      layout_basic, hellmonk_ecumenical_altar_defaced_shrine

Action                   || total
-------------------------++-------
Melee: Unarmed           ||    57
       Kick              ||     7
       Headbutt          ||     6
 Cast: Beastly Appendage ||    13
 Stab: Sleeping          ||     1
Armor: Robe              ||    16
Dodge: Dodged            ||    24
